Map: Ephemeron LE

Players

Avokado

  • Race: Terran Terran
  • League: Grandmaster
  • Spawn Location: 11:00

IlIlIlIlIlIl - Winner!

  • Race: Protoss Protoss
  • League: Grandmaster
  • Spawn Location: 5:00

VOD

Have the link to the VOD?

Description

Time

  • Played on: Sept. 10, 2019, 2:57 p.m.
  • Length: 11:18
Show
View Real Time Build Order
Export as new Build Order

Avokado Terran 

Build Orders: Gas First Reaper Expand, Banshee Rush 

Get SALT Encoding   

  12  0:01  SCV  
  13  0:13  SCV  
  14  0:17  Supply Depot  
  14  0:25  SCV  
  15  0:29  Refinery  
  15  0:39  SCV  
  16  0:45  Barracks  
  16  0:51  SCV  
  17  1:03  SCV  
  18  1:15  SCV  
  19  1:31  Orbital Command  
  19  1:32  Reaper  
  20  1:44  Command Center  
  20  1:55  Factory  
  20  1:59  SCV  
  21  2:06  Barracks Reactor  
  21  2:11  Refinery  
  21  2:13  Supply Depot  
  21  2:17  SCV  
  22  2:29  SCV  
  23  2:41  Starport, SCV  
  24  2:48  Hellion  
  24  2:50  Barracks Tech Lab  
  26  2:52  Hellion  
  26  2:53  SCV  
  29  2:59  Orbital Command  
  29  3:06  SCV  
  29  3:10  Hellion  
  32  3:15  Hellion  
  32  3:18  SCV  
  35  3:25  SCV  
  36  3:29  Cloaking Field  
  36  3:30  SCV  
  36  3:33  Banshee  
  40  3:37  SCV  
  41  3:42  SCV  
  41  3:44  Marine x2  
  41  3:47  Factory Tech Lab  
  44  3:49  SCV  
  44  3:53  Supply Depot  
  44  3:54  SCV  
  46  4:09  SCV, Marine  
  46  4:14  Siege Tank, SCV, Marine  
  46  4:16  Banshee, Supply Depot  
  53  4:22  SCV  
  54  4:27  Supply Depot  
  54  4:32  Marine x2  
  54  4:34  SCV  
  54  4:36  SCV  
  52  4:47  Siege Tank, SCV  
  52  4:48  SCV  
  52  4:50  Marine x2  
  59  4:59  Barracks, SCV  
  60  5:00  Barracks, SCV  
  60  5:01  Refinery, Engineering Bay  
  61  5:08  Supply Depot  
  61  5:10  Supply Depot, Marine  
  61  5:11  SCV, Marine  
  61  5:12  SCV  
  65  5:15  Starport Reactor  
  65  5:23  SCV  
  65  5:24  SCV  
  67  5:31  Factory Reactor  
  67  5:34  Marine x2  
  67  5:35  SCV  
  70  5:36  SCV  
  70  5:40  Refinery  
  70  5:41  Supply Depot, Barracks  
  70  5:42  Supply Depot, Barracks  
  71  5:47  SCV  
  71  5:48  SCV  
  73  5:52  Bunker, Marine x2  
  73  5:53  Bunker  
  75  5:59  SCV  
  75  6:01  SCV, Terran Infantry Weapons Level 1  
  74  6:04  Missile Turret  
  74  6:10  Combat Shield, Stimpack  
  71  6:11  Marine x2  
  71  6:14  Marauder x2  
  71  6:15  Medivac  
  71  6:18  Medivac  
  81  6:19  SCV  
  82  6:29  Marine  
  83  6:35  Supply Depot, Marauder x2  
  83  6:36  Barracks Tech Lab, Barracks Reactor  
  83  6:38  Supply Depot, Marine  
  88  6:44  Supply Depot  
  82  6:52  SCV x2  
  82  6:53  Marine  
  74  6:56  Widow Mine x2, Marauder  
  74  6:57  Marauder  
  74  6:59  Medivac  
  82  7:04  Medivac  
  82  7:05  Marine  
  85  7:08  Concussive Shells  
  85  7:10  Marauder  
  85  7:13  Marine x3  
  90  7:17  Marine  
  90  7:18  Marauder  
  90  7:20  Widow Mine  
  90  7:21  Widow Mine  
  97  7:24  Marine  
  98  7:31  Marauder, Marine  
  98  7:32  Medivac  
  98  7:34  Medivac, Marine  
  98  7:36  Marauder  
  107  7:38  Marine  
  107  7:39  Marauder  
  107  7:41  Widow Mine  
  107  7:42  Marine  
  112  7:48  Marine  
  113  7:52  Supply Depot, Marauder  
  113  7:57  Marauder  
  112  8:01  Marauder, Terran Infantry Armor Level 1  
  112  8:04  Supply Depot  
  112  8:07  Widow Mine x2, Marine x3  
  112  8:11  Marine  
  114  8:14  Marauder  
  114  8:18  Marine  
  100  8:21  Marine  
  100  8:23  SCV  
  100  8:24  Marine x2, SCV  
  100  8:25  Marine  
  100  8:26  Liberator  
  98  8:28  Widow Mine  
  98  8:29  Marine  
  98  8:30  Liberator  
  101  8:35  Marauder  
  101  8:36  Marine  
  101  8:37  Widow Mine  
  101  8:40  Marauder  
  108  8:42  Marine  
  113  8:49  Marine  
  113  8:50  Marine  
  109  8:56  Marine  
  109  8:57  Marauder  
  109  8:58  Marine  
  109  9:00  Marine  
  109  9:01  Marine  
  111  9:06  Marine  
  111  9:08  Marine  
  111  9:11  Liberator  
  111  9:14  Marine  
  111  9:15  Marine  
  113  9:17  Widow Mine  
  113  9:18  Marauder  
  113  9:22  Marauder, Marine  
  120  9:29  Marine  
  121  9:32  Marine  
  121  9:33  Marine  
  121  9:34  Marine  
  121  9:37  Liberator  
  119  9:39  Marine  
  119  9:40  Marine  
  119  9:43  Marine  
  119  9:47  Marine  
  119  9:49  Widow Mine  
  119  9:50  Marine  
  119  9:51  Marine  
  119  9:52  Marine  
  121  9:57  Marine  
  122  10:02  Marauder, Marine  
  122  10:05  Marine  
  120  10:08  Marine  
  120  10:10  Marine  
  120  10:11  Widow Mine, Marauder  
  123  10:19  Marine  
  123  10:20  Marine  
  114  10:23  Marauder, Marine  
  114  10:26  Marine  
  114  10:27  Marine  
  118  10:32  Marine  
  117  10:37  Marine x2  
  117  10:41  Marine  
  117  10:44  Marine x2  
  117  10:45  Marine  
  117  10:48  Widow Mine  
  117  10:49  Marine  
  108  10:54  Marine  
  108  10:55  Marine  
  107  10:58  Marine  
Show
View Real Time Build Order
Export as new Build Order

IlIlIlIlIlIl Protoss - Winner!

Build Orders: 1 Gate Expand, Phoenix Opening, Blink Stalkers, Chargelot Immortal 

Get SALT Encoding   

  12  0:00  Probe  
  13  0:12  Probe  
  14  0:18  Pylon  
  14  0:24  Probe  
  15  0:37  Probe (Chrono Boost)  
  15  0:41  Gateway  
  16  0:46  Probe (Chrono Boost)  
  17  0:51  Probe (Chrono Boost)  
  17  0:52  Assimilator  
  18  1:03  Probe  
  19  1:15  Probe  
  20  1:23  Nexus  
  20  1:34  Cybernetics Core  
  20  1:36  Probe  
  21  1:42  Assimilator  
  21  1:48  Probe  
  22  1:54  Pylon  
  22  2:00  Probe  
  23  2:13  Probe, Stalker (Chrono Boost)  
  26  2:16  Warp Gate  
  26  2:25  Twilight Council, Probe (Chrono Boost)  
  27  2:35  Probe (Chrono Boost)  
  29  2:37  Probe (Chrono Boost)  
  30  2:44  Probe (Chrono Boost)  
  30  2:45  Probe (Chrono Boost)  
  30  2:49  Probe (Chrono Boost)  
  31  2:51  Probe  
  31  2:52  Sentry  
  35  3:01  Probe  
  35  3:03  Probe, Blink (Chrono Boost)  
  37  3:15  Gateway, Probe  
  37  3:16  Gateway, Probe  
  39  3:23  Pylon  
  39  3:26  Stalker  
  41  3:28  Probe  
  41  3:29  Probe  
  43  3:35  Robotics Facility  
  43  3:40  Probe  
  45  3:41  Probe  
  45  3:43  Assimilator  
  45  3:46  Pylon  
  45  3:52  Probe  
  45  3:53  Probe, Phoenix  
  47  4:04  Probe  
  47  4:05  Probe  
  49  4:12  Stalker  
  49  4:13  Stalker x2  
  55  4:18  Probe x2  
  55  4:22  Observer  
  55  4:23  Pylon  
  58  4:35  Probe x2  
  60  4:39  Nexus  
  60  4:45  Pylon  
  60  4:46  Observer, Shield Battery  
  60  4:47  Stalker  
  60  4:48  Stalker x2  
  60  4:52  Probe x2  
  69  4:58  Forge  
  69  5:04  Probe  
  69  5:05  Probe  
  69  5:06  Forge  
  71  5:10  Pylon  
  71  5:17  Probe x2  
  71  5:20  Observer  
  74  5:23  Charge  
  74  5:31  Probe x2  
  74  5:32  Gateway x2  
  76  5:36  Gateway  
  76  5:42  Protoss Ground Armor Level 1 (Chrono Boost)  
  76  5:43  Protoss Ground Weapons Level 1 (Chrono Boost)  
  76  5:45  Gateway, Probe  
  76  5:47  Probe  
  78  5:51  Gateway  
  78  5:56  Stalker  
  80  6:10  Immortal (Chrono Boost)  
  78  6:14  Stalker x2  
  86  6:34  Pylon x2  
  86  6:42  Observer  
  86  6:46  Warp Prism (Chrono Boost)  
  82  7:06  Stalker  
  82  7:07  Stalker x5  
  82  7:08  Nexus  
  93  7:09  Pylon  
  93  7:12  Pylon, Sentry  
  93  7:13  Sentry  
  97  7:37  Pylon  
  97  7:38  Pylon  
  97  7:39  Zealot  
  97  7:40  Zealot x3  
  97  7:41  Zealot  
  97  7:42  Zealot x3  
  113  7:48  Immortal  
  115  8:04  Zealot x5  
  123  8:12  Zealot x2  
  105  8:20  Probe x3  
  100  8:27  Protoss Ground Armor Level 2 (Chrono Boost), Protoss Ground Weapons Level 2 (Chrono Boost)  
  100  8:32  Zealot x3  
  100  8:33  Zealot  
  108  8:53  Observer  
  104  8:58  Immortal  
  104  8:59  Nexus  
  104  9:01  Pylon  
  108  9:10  Sentry  
  108  9:11  Zealot, Sentry x2  
  108  9:12  Zealot x3  
  122  9:18  Stalker  
  120  9:38  Zealot x7  
  127  9:46  Immortal (Chrono Boost)  
  128  9:53  Zealot  
  121  10:02  Stalker x6  
  121  10:04  Zealot  
  129  10:13  Zealot  
  107  10:25  Stalker x4  
  107  10:26  Stalker x3  
  121  10:32  Immortal (Chrono Boost)  
  115  10:51  Zealot x2  
  115  10:52  Zealot x6  
Tags
 
Add a new tag
Caveats
  • Supply blocks, unpowered buildings, or Contaminate may cause inaccurate times.
  • Supply counts are checked every 10 seconds.